 Dungeon Crawl Stone Soup version 0.25.1-9-gc5326a611f (webtiles) character file.

Game seed: 4474290157024114136

171 Clowwww the Magician (level 5, -2/31 HPs)
             Began as an Octopode Wizard on Dec 29, 2020.
             Slain by a gnoll
             ... wielding a +0 spear
              (9 damage)
             ... on level 3 of the Dungeon.
             The game lasted 00:07:18 (2184 turns).

Clowwww the Magician (Octopode Wizard)              Turns: 2184, Time: 00:07:18

Health: -2/31      AC:  1    Str:  6    XL:     5   Next: 51%
Magic:  6/11       EV: 13    Int: 21    God:
Gold:   100        SH:  0    Dex: 11    Spells: 4/12 levels left

rFire    . . .     SeeInvis .   n - +4 scythe
rCold    . . .     Gourm    .   (shield currently unavailable)
rNeg     . . .     Faith    .   a - +0 hat
rPois    .         Spirit   .   (no amulet)
rElec    .         Reflect  .   (no ring)
rCorr    .         Harm     .   (no ring)
MR       .....                  (no ring)
Stlth    +++.......             (no ring)
HPRegen  0.10/turn              (no ring)
MPRegen  0.12/turn              (no ring)
                                (no ring)
                                (no ring)

@: no status effects
A: almost no armour, stealthy swim, amphibious, 8 rings, constrict 8, camouflage
1, gelatinous body 1
a: no special abilities


You were on level 3 of the Dungeon.
You were very hungry.

You visited 1 branch of the dungeon, and saw 3 of its levels.

You collected 100 gold pieces.

Inventory:

Hand Weapons
 n - a +4 scythe (weapon)
Armour
 a - a +0 hat (worn)
Jewellery
 h - an uncursed ring of protection from cold {unknown}
 l - an uncursed ring of protection from fire {unknown}
Scrolls
 b - a scroll of amnesia {unknown}
 e - 2 scrolls of identify {unknown}
 i - 2 scrolls of teleportation {unknown}
 j - 2 scrolls of remove curse {unknown}
 k - a scroll of immolation {unknown}
 m - a scroll of enchant weapon {unknown}
Potions
 d - a potion of magic {unknown}
 f - a potion of degeneration {unknown}
 g - 2 potions of berserk rage {unknown}
 o - a potion of flight {unknown}
Comestibles
 c - 4 rations


   Skills:
 + Level 0.1 Fighting
 + Level 0.5 Polearms
 + Level 2.7 Dodging
 + Level 3.3 Stealth
 + Level 0.2 Unarmed Combat
 + Level 4.4 Spellcasting
 + Level 2.1 Conjurations
 + Level 1.6 Summonings
 + Level 1.0 Translocations


You had 4 spell levels left.
You knew the following spells:

 Your Spells              Type           Power        Failure   Level  Hunger
a - Magic Dart            Conj           ##..         4%          1    None
b - Call Imp              Summ           ##......     9%          2    #......
c - Blink                 Tloc           N/A          12%         2    #......
d - Mephitic Cloud        Conj/Pois/Air  #.......     26%         3    ##.....

Your spell library contained the following spells:

 Spells                   Type           Power        Failure   Level  Hunger
 Slow                     Hex            #.......     17%         2    #......
 Conjure Flame            Conj/Fire      #.......     22%         3    ##.....


Dungeon Overview and Level Annotations

Branches:
Dungeon (3/15)

Altars:
Qazlal


Innate Abilities, Weirdness & Mutations

You cannot wear most types of armour.
You are very stealthy in the water. (Stealth+)
You are amphibious.
You can wear up to eight rings at the same time.
You can use your tentacles to constrict eight enemies at once.
Your skin changes colour to match your surroundings (Stealth+).
Your rubbery body absorbs attacks. (AC +1, EV +1)


Message History

You squeeze the goblin.
You kill the goblin!
You completely miss the orc. You grab the orc.
The orc is moderately wounded.
You constrict the orc, but do no damage.
The orc misses you.
Your crimson imp hits the orc.
The gnoll barely misses you. The orc hits you with a +0 flail.
* * * LOW HITPOINT WARNING * * *
The gnoll barely misses you.
Your crimson imp blinks!
Casting: Call Imp (safe; 9% risk of failure)
Confirm with . or Enter, or press ? or * to list all spells.
A beastly little devil appears in a puff of flame.
You constrict the orc.
You kill the orc!
The gnoll barely misses you.
You swap places.
Okay, then.
The gnoll hits you from afar with a +0 spear!
You die...

#.# #.# #.# #.#
#.# #.# #.###
#5#.############
#g#.5@.........#
#)#g#########.##
#.5.# #<..#
#[#.# #####
#####


You could see a gnoll and 2 friendly crimson imps.

Vanquished Creatures
  Jessica (D:3)
  A gnoll (D:3)
  An adder (D:3)
  An ooze (D:2)
  3 leopard geckos
  2 orcs (D:3)
  A ball python (D:2)
  3 bats
  4 goblins
  3 hobgoblins
  5 kobolds
  A quokka (D:2)
  4 rats (D:2)
30 creatures vanquished.

Vanquished Creatures (collateral kills)
  Sigmund (D:2)
  A gnoll (D:3)
  An adder (D:2)
  2 orcs (D:3)
  3 hobgoblins
  A kobold (D:3)
9 creatures vanquished.

Vanquished Creatures (others)
  4 toadstools (D:1)
4 creatures vanquished.

Grand Total: 43 creatures vanquished

Notes
Turn   | Place    | Note
-------+----------+-------------------------------------------
     0 | D:1      | Clowwww the Octopode Wizard began the quest for the Orb.
     0 | D:1      | Reached XP level 1. HP: 11/11 MP: 4/4
   135 | D:1      | Reached XP level 2. HP: 1/17 MP: 0/6
   837 | D:2      | Learned a level 2 spell: Call Imp
  1190 | D:2      | Reached XP level 3. HP: 21/21 MP: 5/8
  1414 | D:2      | Found a stormy altar of Qazlal.
  1733 | D:2      | Noticed Sigmund
  1746 | D:2      | Killed Sigmund
  1746 | D:2      | Reached skill level 4 in Spellcasting
  1746 | D:2      | Reached XP level 4. HP: 27/27 MP: 2/10
  1756 | D:2      | Reached XP level 5. HP: 31/31 MP: 2/11
  1765 | D:2      | Learned a level 2 spell: Blink
  1769 | D:2      | Learned a level 3 spell: Mephitic Cloud
  2069 | D:3      | Noticed Jessica
  2078 | D:3      | Killed Jessica
  2184 | D:3      | Slain by a gnoll

Illustrated notes

Levels and vault maps discovered:
D:1:      ldierk_walled_garden_2, layout_rooms
D:2:      layout_basic, nicolae_qazlal_eye_of_the_storm, serial_corexii_hall,
          corexii_hall_statues_l, corexii_hall_statues_i,
          corexii_hall_statues_l, uniq_sigmund
D:3:      layout_basic, nicolae_gozag_seed_capital, lemuel_round_altar,
          chequers_ecumenical_altar_simple, uniq_jessica, uniq_robin,
          uniq_natasha

Skill      XL: |  1  2  3  4  5 |
---------------+----------------+-----
Stealth        | 3 |  3.3
Spellcasting   | 4 |  4.4
Conjurations   | 2 |  2.1
Fighting       | |  0.1
Polearms       | |  0.5
Dodging        | |  2.7
Unarmed Combat | |  0.2
Summonings     | |  1.6
Translocations | |  1.0

Action                   |  1- 3 |  4- 6 || total
-------------------------+-------+-------++-------
Melee: Unarmed           |    19 |       ||    19
       Constrict         |     6 |     6 ||    12
       Tentacles         |     1 |     1 ||     2
       Scythe            |       |    21 ||    21
 Cast: Magic Dart        |    57 |     6 ||    63
       Call Imp          |     9 |     7 ||    16
       Blink             |       |     1 ||     1
  Eat: Chunk             |     3 |       ||     3
Armor: Skin              |     2 |       ||     2
Dodge: Dodged            |    23 |    18 ||    41
